 Dungeon Crawl Stone Soup version 0.31-a0-889-g1a8549509d (webtiles) character file.

Game seed: 12875184637270741979

4440 Ahpoh the Carver (level 10, 82/82 HPs)
             Began as a Demonspawn Gladiator on Oct 13, 2023.
             Was a Follower of Wu Jian.
             Quit the game on level 8 of the Dungeon on Oct 16, 2023.
             The game lasted 00:27:00 (8873 turns).

Ahpoh the Carver (Demonspawn Gladiator)             Turns: 8873, Time: 00:27:01

Health: 82/82      AC: 13    Str: 15    XL:     10   Next: 14%
Magic:  9/10       EV: 11    Int:  9    God:    Wu Jian [*.....]
Gold:   553        SH:  5    Dex: 19    Spells: 9/9 levels left

rFire   . . .        a - +1 long sword
rCold   + . .        q - +0 buckler
rNeg    . . .        g - +3 scale mail {rC+}
rPois   +            (helmet restricted)
rElec   .            i - +0 cloak
rCorr   .            w - +0 pair of gloves
SInv    .            (no boots)
Will    .....        (no amulet)
Stlth   +            l - ring of poison resistance
HPRegen 0.33/turn    (no ring)
MPRegen 0.12/turn

%: no passive effects
@: no status effects
A: antennae 1, thin metallic scales 2, foul stench 2, spiny 1, deformed body,
deterioration 1, inability to drink after injury 1
a: Renounce Religion


You were on level 8 of the Dungeon.
You worshipped Wu Jian.
Wu Jian was aware of your devotion.
You visited 2 branches of the dungeon, and saw 9 of its levels.
You also visited: Ossuary.

You collected 553 gold pieces.

Inventory:

Hand Weapons
 a - a +1 long sword (weapon)
Missiles
 d - a throwing net
 e - a javelin
 f - 5 curare-tipped darts
 F - 19 poisoned darts (quivered)
Armour
 c - a +0 helmet
 g - a +3 scale mail of cold resistance (worn)
 i - a +0 cloak (worn)
 q - a +0 buckler (worn)
 w - a +0 pair of gloves (worn)
Jewellery
 j - an amulet of the acrobat
 l - a ring of poison resistance (left hand)
 y - a ring of ice
 A - a ring of willpower
Talismans
 J - a serpent talisman
Wands
 b - a wand of roots (14)
 u - a wand of digging (7)
 E - a wand of mindburst (2)
 G - a wand of flame (18)
 I - a wand of paralysis (5)
Scrolls
 n - 5 scrolls of blinking
 s - a scroll of enchant weapon
 t - a scroll of identify
 z - a scroll of vulnerability
 C - a scroll of revelation
 D - 2 scrolls of teleportation
Potions
 h - 3 potions of ambrosia
 k - 3 potions of degeneration
 m - 6 potions of curing
 o - 3 potions of might
 p - a potion of cancellation
 v - 3 potions of brilliance
 x - a potion of attraction {unknown}
 B - a potion of lignification {unknown}
 H - a potion of enlightenment {unknown}
 K - a potion of heal wounds {unknown}


   Skills:
 + Level 8.4 Fighting
 + Level 9.6 Long Blades
 + Level 2.8 Throwing
 + Level 7.0 Armour
 + Level 4.7 Dodging
 + Level 2.6 Stealth
 + Level 1.6 Shields
 + Level 0.3 Unarmed Combat
 + Level 0.3 Evocations


You had 9 spell levels left.
You didn't know any spells.
Your spell library contained the following spells:

 Spells                   Type           Power      Damage    Failure   Level
 Freeze                   Ice            0%         1d3       88%         1
 Cigotuvi's Dreadful Rot  Necr/Pois/Air  0%         N/A       95%         2
 Dazzling Flash           Conj/Hex       0%         N/A       99%         3
 Frozen Ramparts          Ice            0%         1d1       99%         3
 Hailstorm                Conj/Ice       0%         3d3       99%         3
 Volatile Blastmotes      Fire/Tloc      0%         2d10      99%         3
 Dispel Undead            Necr           0%         3d6       100%        4
 Death Channel            Necr           0%         N/A       100%        6
 Starburst                Conj/Fire      0%         6d3       100%        6
 Maxwell's Capacitive Co  Air            0%         ∞         100%        8


Dungeon Overview and Level Annotations

Branches:
Dungeon (8/15)             Temple (1/1) D:6            Lair (0/5) D:8
Ossuary (visited)

Altars:
Ashenzari
Cheibriados
Dithmenos
Fedhas
Hepliaklqana
Kikubaaqudgha
Makhleb
Nemelex Xobeh
Okawaru
Qazlal
Ru
Sif Muna
Trog
Uskayaw
Vehumet
Wu Jian
Xom
Yredelemnul

Shops:
D:5 =

Annotations:
D:5 3 runed translucent doors, BLEEG's ghost, novice DrFE


Innate Abilities, Weirdness & Mutations

You have a pair of small antennae on your head.
You are mostly covered in thin metallic scales. (AC +3)
You sometimes emit foul miasma when damaged in melee.
You are partially covered in sharp spines.
Armour fits poorly on your strangely shaped body.
Your body sometimes deteriorates upon taking damage.
You occasionally lose the ability to drink potions when taking damage.


Message History

F - 19 poisoned darts (gained 6)
Things that are here:
a +0 hand axe; a +0 animal skin; a human corpse The yak bellows!
There is an open door here.
The yak attacks as it pursues you! The yak is struck by your spines.
The yak misses you.
There is an open door here.
The yak attacks as it pursues you! The yak gores you but does no damage.
Things that are here:
a +0 hand axe; a +0 animal skin; a human corpse The yak attacks as it pursues you!
The yak misses you.
You hit the yak but do no damage.
The yak is lightly wounded.
The yak gores you!
You emit a cloud of foul miasma!
The yak is engulfed in dark miasma.
The yak is poisoned.
The yak seems to slow down.
You hit the yak.
The yak is moderately wounded.
The yak is no longer moving slowly.
You barely miss the yak.
The yak is moderately wounded.
The yak is struck by your spines. The yak gores you!
* * * LOW HITPOINT WARNING * * *
You hit the yak but do no damage.
The yak is heavily wounded.
The yak is struck by your spines. The yak gores you but does no damage.
You slice the yak!!
You kill the yak!
The Council accepts your kill.
You start resting.
HP restored.
You feel extremely strange.
You feel less energetic.
You feel stronger.
Your feet thicken and deform.
You feel extremely strange.
You feel more energetic.
Your hooves expand and flesh out into feet!
You feel weaker.
You feel yourself wasting away.
Your body twists and deforms.
You occasionally lose the ability to drink potions when taking damage.
Are you sure you want to abandon this character and quit the game? (Confirm with "yes".)

#...#######.### #.....#####..
##..#.....'...### #..#.## #..
#..#...[.#.#...# #.#..# #.>
#..###'###'#.#.####.#.## ###..
#..#.....#...#)#....#.#####.'..
####.....#...#.#.####....##.#..
#######...#†#.#######.##.#..
....#.#.........##.##.
.....#@########.....##.
..#####..........######.
############ #. #. ##


There were no monsters in sight!

Vanquished Creatures
  A two-headed ogre (D:8)
  A hornet (D:7)
  Sigmund (D:3)
  A yak (D:8)
  3 hogs (D:8)
  A human (D:8)
  2 wargs (D:8)
  Duvessa (D:7)
  An orc warrior (D:7)
  A black bear (D:6)
  A sky beast (D:6)
  An ogre (D:4)
  A centaur (D:5)
  A phantom (D:5)
  3 kobold brigands
  2 bullfrogs (D:7)
  A gnoll sergeant (D:4)
  2 scorpions
  Dowan (D:7)
  6 killer bees (D:8)
  A howler monkey (D:8)
  3 human zombies (Ossuary)
  A centaur zombie (Ossuary)
  4 hounds
  6 orc priests
  A sleepcap (D:7)
  Natasha (twice) (D:3 D:2)
  Terence (D:3)
  5 orc wizards
  3 hound zombies (Ossuary)
  3 mummies (Ossuary)
  6 adders
  5 gnolls
  4 shadow imps
  A white imp (D:6)
  3 adder zombies (Ossuary)
  A worm (D:2)
  4 dart slugs
  18 orcs
  8 bats
  13 endoplasms
  4 giant cockroaches
  A gnoll zombie (Ossuary)
  8 goblins
  10 hobgoblins
  11 jackals
  10 kobolds
  4 quokkas
  6 ball pythons
  6 goblin zombies (Ossuary)
  8 hobgoblin zombies (Ossuary)
  A jackal zombie (Ossuary)
  6 kobold zombies (Ossuary)
  3 quokka zombies (Ossuary)
  8 rats
  3 rat zombies (Ossuary)
214 creatures vanquished.

Vanquished Creatures (others)
  An orc wizard (D:4)
1 creature vanquished.

Grand Total: 215 creatures vanquished

Notes
Turn   | Place    | Note
-------+----------+-------------------------------------------
     0 | D:1      | Ahpoh the Demonspawn Gladiator began the quest for the Orb.
     0 | D:1      | Reached XP level 1. HP: 16/16 MP: 1/1
   106 | D:1      | Gained mutation: You are partially covered in thin metallic
                  | scales. (AC +2) [demonic ancestry]
   106 | D:1      | Reached XP level 2. HP: 19/22 MP: 2/2
   159 | D:1      | Reached skill level 3 in Long Blades
   700 | D:1      | Gained mutation: You are partially covered in sharp spines.
                  | [demonic ancestry]
   700 | D:1      | Reached XP level 3. HP: 27/28 MP: 3/3
  1526 | D:2      | Gained mutation: You may rarely emit foul miasma when
                  | damaged in melee. [demonic ancestry]
  1526 | D:2      | Reached XP level 4. HP: 34/34 MP: 4/4
  1578 | D:2      | Reached skill level 7 in Long Blades
  1578 | D:2      | Reached skill level 5 in Armour
  1578 | D:2      | Reached XP level 5. HP: 48/48 MP: 5/5
  1786 | D:3      | Noticed Natasha
  1786 | D:3      | Noticed Sigmund
  1786 | D:3      | Noticed Terence
  1797 | D:3      | Killed Natasha
  1805 | D:3      | Killed Terence
  1806 | D:3      | Reached skill level 1 in Stealth
  1938 | D:3      | Noticed Natasha
  2085 | D:2      | Killed Natasha
  2891 | D:3      | Killed Sigmund
  2892 | D:3      | Reached XP level 6. HP: 44/55 MP: 6/6
  4027 | D:4      | Reached XP level 7. HP: 60/60 MP: 7/7
  4670 | D:5      | Entered Level 5 of the Dungeon
  4713 | D:5      | Found a sand-covered staircase.
  4759 | Ossuary  | Entered an ossuary
  5283 | D:5      | Found a shimmering blue altar of Sif Muna.
  5318 | D:5      | Gained mutation: You sometimes emit foul miasma when
                  | damaged in melee. [demonic ancestry]
  5318 | D:5      | Reached XP level 8. HP: 65/67 MP: 8/8
  5383 | D:5      | Found Vaphe's Jewellery Emporium.
  5412 | D:5      | Reached skill level 8 in Long Blades
  5483 | D:5      | Found a runed translucent gate.
  5483 | D:5      | Found a runed translucent gate.
  5486 | D:5      | Noticed BLEEG's ghost (novice DrFE)
  5487 | D:5      | Found a runed translucent gate.
  5807 | D:6      | Found a hide-covered altar of Uskayaw.
  5807 | D:6      | Found a broken altar of Ashenzari.
  6121 | D:6      | Found a staircase to the Ecumenical Temple.
  6152 | Temple   | Entered the Ecumenical Temple
  6231 | Temple   | Became a worshipper of the Wu Jian Council
  6592 | D:6      | Reached skill level 1 in Shields
  6670 | D:7      | Noticed a hornet
  6680 | D:7      | Killed a hornet
  6888 | D:7      | Gained mutation: You are mostly covered in thin metallic
                  | scales. (AC +3) [demonic ancestry]
  6888 | D:7      | Reached XP level 9. HP: 66/73 MP: 9/9
  6996 | D:7      | Noticed Duvessa
  6997 | D:7      | Noticed Dowan
  7020 | D:7      | Killed Duvessa
  7022 | D:7      | Killed Dowan
  7151 | D:7      | Found a shadowy altar of Dithmenos.
  7370 | D:7      | Found a shimmering altar of Xom.
  7675 | D:8      | Noticed a two-headed ogre
  7725 | D:8      | Killed a two-headed ogre
  7726 | D:8      | Reached skill level 9 in Long Blades
  7911 | D:8      | Reached * piety under Wu Jian
  8139 | D:8      | Found a staircase to the Lair.
  8615 | D:8      | Upgraded the game from 0.31-a0-876-gfe8ebadbca to
                  | 0.31-a0-889-g1a8549509d
  8622 | D:8      | Gained mutation: You have a pair of small antennae on your
                  | head. [demonic ancestry]
  8622 | D:8      | Reached XP level 10. HP: 80/80 MP: 10/10
  8871 | D:8      | Gained mutation: Your magical capacity is low. (-10% MP)
                  | [potion of mutation]
  8871 | D:8      | Gained mutation: Your muscles are strong. (Str +4, Int/Dex
                  | -1) [potion of mutation]
  8871 | D:8      | Gained mutation: You have large cloven feet. [potion of
                  | mutation]
  8872 | D:8      | Lost mutation: Your magical capacity is low. (-10% MP)
                  | [potion of mutation]
  8872 | D:8      | Lost mutation: You have large cloven feet. [potion of
                  | mutation]
  8872 | D:8      | Lost mutation: Your muscles are strong. (Str +4, Int/Dex
                  | -1) [potion of mutation]
  8872 | D:8      | Gained mutation: Your body sometimes deteriorates upon
                  | taking damage. [potion of mutation]
  8872 | D:8      | Gained mutation: Armour fits poorly on your strangely
                  | shaped body. [potion of mutation]
  8872 | D:8      | Gained mutation: You occasionally lose the ability to drink
                  | potions when taking damage. [potion of mutation]
  8873 | D:8      | Quit the game

Illustrated notes

Levels and vault maps discovered:
D:1:      dpeg_arrival_subterranean_lakeside_camping, layout_basic,
          hangedman_decor_clover_reticule
D:2:      layout_loops_corners, basic_altar
D:3:      layout_loops_corners, serial_rivers, chequers_serial_rivers_small_b,
          chequers_serial_rivers_room_b, chequers_serial_rivers_large_a,
          chequers_serial_rivers_micro_c, uniq_natasha, uniq_sigmund,
          uniq_terence
D:4:      layout_basic, minmay_gold_behind_fungi
D:5:      layout_loops_ring, old_standard_altar, biasface_ghost_orc_armoury,
          lightli_ossuary_entry_decrepit_ruins, serial_shops, shop
D:6:      layout_loops_ring, grunt_temple_overflow_open,
          minmay_temple_entry_offerings, patterned_corridor
D:7:      layout_gridville, grunt_dithmenos_smoke_and_mirrors,
          lemuel_coloured_pillars_altar, uniq_duvessa
D:8:      layout_basic, erik_lair_orcish_takeover, dk_noncrumbling_3,
          grunt_livestock
Temple:   minmay_temple_bridge_d

Skill      XL: |  1  2  3  4  5  6  7  8  9 10 |
---------------+-------------------------------+-----
Long Blades    | 3 7 8 9 |  9.6
Dodging        | 3 4 |  4.7
Fighting       | 7 8 |  8.4
Armour         | 5 6 7 |  7.0
Stealth        | 1 2 |  2.6
Throwing       | 2 |  2.8
Shields        | 1 |  1.6
Unarmed Combat | |  0.3
Evocations     | |  0.3

Action                     |  1- 3 |  4- 6 |  7- 9 | 10-12 || total
---------------------------+-------+-------+-------+-------++-------
  Melee: Long sword        |   117 |    74 |   401 |    24 ||   616
         Punch             |     2 |       |       |       ||     2
         Unarmed           |       |    23 |       |       ||    23
  Throw: Throwing net      |       |     5 |     1 |       ||     6
         Dart              |       |       |    20 |     7 ||    27
         Javelin           |       |       |     2 |       ||     2
Ability: Lunge             |       |       |    11 |       ||    11
         Whirlwind         |       |       |     1 |     1 ||     2
  Evoke: Wand              |       |       |     3 |       ||     3
    Use: Scroll            |       |    11 |     5 |       ||    16
         Potion            |       |     1 |     1 |     2 ||     4
   Stab: Sleeping          |     1 |       |       |       ||     1
         Held in net/web   |       |     2 |     1 |       ||     3
 Armour: Leather armour    |    94 |    21 |       |       ||   115
         Skin              |       |    10 |       |       ||    10
         Scale mail        |       |    22 |   216 |    19 ||   257
  Dodge: Dodged            |   139 |    47 |   139 |     5 ||   330
  Block: Buckler           |       |    18 |    73 |     4 ||    95

Table legend: (Time is in decaauts)
 A = Elapsed time spent in this place.
 B = Non-inter-level travel time spent in this place.
 C = Inter-level travel time spent in this place.
 D = Time resting spent in this place.
 E = Time spent auto-exploring this place.
 F = Levels seen in this place.
 G = Mean time per level.
                   A        B        C        D        E       F      G
               +--------+--------+--------+--------+--------+-----+--------+
         Total |   8935 |   8656 |    279 |   1393 |   4453 |  10 |  893.5 |
       Dungeon |   8320 |   8183 |    137 |   1325 |   4453 |   8 | 1040.0 |
        Temple |    156 |     14 |    142 |      0 |      0 |   1 |  156.0 |
       Ossuary |    457 |    457 |      0 |     68 |      0 |   1 |  457.0 |
               +--------+--------+--------+--------+--------+-----+--------+

Top non-repeatable levels by time:
     D:2: 2024 daAuts
     D:8: 1165 daAuts
     D:7: 1035 daAuts
     D:3: 1021 daAuts
     D:4: 900 daAuts
     D:1: 789 daAuts
     D:6: 695 daAuts
     D:5: 689 daAuts
 Ossuary: 457 daAuts
  Temple: 156 daAuts
